 Dungeon Crawl Stone Soup version 0.28-a0-1038-g9c4cb8273d (webtiles) character file.

Game seed: 7499792522831599111

201616 Htamos the Slayer (level 17, -11/271 HPs)
             Began as a Minotaur Gladiator on Dec 8, 2021.
             Was a High Priest of Okawaru.
             Mangled by a shambling mangrove (27 damage)
             ... on level 4 of the Swamp.
             The game lasted 01:13:55 (40213 turns).

Htamos the Slayer (Minotaur Gladiator)             Turns: 40213, Time: 01:13:55

Health: -11/271    AC: 28    Str: 24    XL:     17   Next: 92%
Magic:  25/25      EV: -1    Int:  5    God:    Okawaru [*****.]
Gold:   1693       SH:  0    Dex: 24    Spells: 16/16 levels left

rFire   . . .      SeeInvis .   a - +6 battleaxe "Taig" {vorpal, Will+}
rCold   . . .      Faith    .   (shield currently unavailable)
rNeg    . . .      Spirit   .   (armour currently unavailable)
rPois   +          Reflect  .   (helmet currently unavailable)
rElec   +          Harm     .   (cloak currently unavailable)
rCorr   +          Rampage  .   (gloves currently unavailable)
Will    ++...      Clarity  +   (boots currently unavailable)
Stlth   ++........ NoTele   +   (no amulet)
HPRegen 0.55/turn               f - ring "Seirogit" {rElec rCorr MP+9 Str+5 Dex-4}
MPRegen 0.19/turn               q - +6 ring of dexterity

@: tree-form, grasped by roots, constricted, studying Fighting
A: stationary, stasis, torment immunity, boosted hp, (horns 2), (retaliatory
headbutt), agile 1, clarity
}: 1/15 runes: gossamer
a: Renounce Religion, Heroism, Finesse, Duel


You were on level 4 of the Swamp.
You worshipped Okawaru.
Okawaru was extremely pleased with you.
You were a tree.
You visited 7 branches of the dungeon, and saw 33 of its levels.
You also visited: Sewer, Ice Cave and Volcano.

You collected 5190 gold pieces.
You spent 3497 gold pieces at shops.

Inventory:

Hand Weapons
 a - the +6 battleaxe "Taig" (weapon) {vorpal, Will+}
   (Okawaru gifted it to you on level 14 of the Dungeon)

   It inflicts extra damage upon your enemies.
   Will:      It increases your willpower.
 b - a +0 broad axe of flaming
 p - a +3 vampiric executioner's axe
 P - the +7 long sword of Sesocue {vamp, rN++ Str-3 Int+3}
   (You found it on level 10 of the Dungeon)

   It occasionally heals its wielder for a portion of the damage dealt when it
   wounds a living foe.
   Str:       It affects your strength (-3).
   Int:       It affects your intelligence (+3).
   rN:        It greatly protects you from negative energy.
 U - the +9 battleaxe "Piuts" {vorpal, rCorr Int+2}
   (You found it on level 7 of the Dungeon)

   It inflicts extra damage upon your enemies.
   Int:       It affects your intelligence (+2).
   rCorr:     It protects you from acid and corrosion.
 W - the +8 mace "Ivin" {pain, Fly Str-5 Dex+8}
   (You found it on level 4 of the Swamp)

   In the hands of one skilled in necromantic magic, it inflicts extra damage on
   living creatures.
   Str:       It affects your strength (-5).
   Dex:       It affects your dexterity (+8).
   Fly:       It grants you flight.
Missiles
 d - 4 throwing nets (quivered)
 z - 8 silver javelins
Armour
 c - the +0 hat of Twilight (melded) {rElec rPois rF+ rC-}
   (You acquired it on level 1 of the Swamp)

   rF:        It protects you from fire.
   rC:        It makes you vulnerable to cold.
   rElec:     It insulates you from electricity.
   rPois:     It protects you from poison.
 j - a +4 ring mail of fire resistance
 l - the +5 kite shield of Okawaru's Wrath {rElec rCorr Stlth+}
   (Okawaru gifted it to you on level 3 of the Spider Nest)

   rElec:     It insulates you from electricity.
   rCorr:     It protects you from acid and corrosion.
   Stlth:     It makes you more stealthy.
 t - the +7 crystal plate armour "Nedesumn" {Fly Str+3 Int-4 Dex+3}
   (Okawaru gifted it to you on level 1 of the Spider Nest)

   Str:       It affects your strength (+3).
   Int:       It affects your intelligence (-4).
   Dex:       It affects your dexterity (+3).
   Fly:       It grants you flight.
 w - a +2 pair of gloves (melded)
 B - the +6 scale mail "Pesothoe" (melded) {Str+2 Dex+5}
   (You found it on level 7 of the Dungeon)

   Str:       It affects your strength (+2).
   Dex:       It affects your dexterity (+5).
 S - the +5 pair of boots "Keipy" (melded) {rElec}
   (Okawaru gifted it to you on level 6 of the Lair of Beasts)

   rElec:     It insulates you from electricity.
Jewellery
 f - the ring "Seirogit" (left branch) {rElec rCorr MP+9 Str+5 Dex-4}
   (You bought it in a shop on level 2 of the Orcish Mines)

   [ring of magical power]

   Str:       It affects your strength (+5).
   Dex:       It affects your dexterity (-4).
   rElec:     It insulates you from electricity.
   MP:        It affects your magic capacity (+9).
   rCorr:     It protects you from acid and corrosion.
 k - a ring of protection from cold
 q - a +6 ring of dexterity (right branch)
 v - a ring of willpower
 y - the amulet of Grace {Faith rF- Str+3 Int-5 Dex+9}
   (You acquired it on level 13 of the Dungeon)

   [amulet of faith]

   It allows you to gain divine favour quickly.
   Str:       It affects your strength (+3).
   Int:       It affects your intelligence (-5).
   Dex:       It affects your dexterity (+9).
   rF:        It makes you vulnerable to fire.
 C - a +6 ring of strength
Wands
 g - a wand of flame (145)
 s - a wand of paralysis (20)
 u - a wand of mindburst (20)
 I - a wand of digging (12)
 N - a wand of acid (23)
 X - a wand of iceblast (22)
 Z - a wand of polymorph (14)
Scrolls
 e - 5 scrolls of teleportation
 h - 12 scrolls of identify {@rr}
 i - 2 scrolls of fog
 m - a scroll of blinking
 n - 2 scrolls of immolation
 x - a scroll of brand weapon
 D - 3 scrolls of holy word
 K - 3 scrolls of enchant weapon
 L - 4 scrolls of amnesia
 O - 5 scrolls of enchant armour
 Q - a scroll of fear
 T - 3 scrolls of magic mapping
Potions
 r - 5 potions of flight
 A - 3 potions of haste
 E - 7 potions of mutation
 F - 3 potions of attraction
 G - 3 potions of might
 H - 10 potions of curing {@qc}
 J - 5 potions of ambrosia
 M - a potion of cancellation
 R - a potion of invisibility
 V - a potion of brilliance
Miscellaneous
 Y - a lightning rod (4/4)


   Skills:
 * Level 23.8 Fighting
 * Level 23.2 Axes
 - Level 2.0 Throwing
 + Level 16.8 Armour
 + Level 10.3 Dodging
 + Level 5.9 Evocations


You had 16 spell levels left.
You didn't know any spells.
Your spell library contained the following spells:

 Spells                   Type           Power      Damage    Failure   Level
 Freeze                   Ice            0%         1d3       47%         1
 Passwall                 Tmut/Erth      0%         N/A       63%         2
 Scorch                   Fire           0%         2d5       63%         2
 Dazzling Flash           Conj/Hex       0%         N/A       85%         3
 Frozen Ramparts          Ice            0%         1d2       85%         3
 Portal Projectile        Hex/Tloc       0%         N/A       85%         3
 Swiftness                Air            0%         N/A       85%         3
 Airstrike                Air            0%         N/A       99%         4
 Flame Wave               Conj/Fire      0%         2d4       99%         4
 Fulminant Prism          Conj/Hex       0%         3d6       99%         4
 Hailstorm                Conj/Ice       0%         3d3       99%         4
 Iskenderun's Mystic Bla  Conj/Tloc      0%         2d3       99%         4
 Leda's Liquefaction      Hex/Erth       0%         N/A       99%         4
 Petrify                  Tmut/Erth      0%         N/A       99%         4
 Agony                    Necr           0%         N/A       100%        5
 Blade Hands              Tmut           0%         N/A       100%        5
 Borgnjor's Vile Clutch   Necr/Erth      0%         N/A       100%        5
 Excruciating Wounds      Necr           0%         N/A       100%        5
 Fireball                 Conj/Fire      0%         3d3       100%        5
 Lee's Rapid Deconstruct  Erth           0%         3d5*      100%        5
 Lightning Bolt           Conj/Air       0%         1d11      100%        5
 Metabolic Englaciation   Hex/Ice        0%         N/A       100%        5
 Silence                  Hex/Air        0%         N/A       100%        5
 Iron Shot                Conj/Erth      0%         9d1       100%        6
 Starburst                Conj/Fire      0%         6d3       100%        6
 Statue Form              Tmut/Erth      0%         N/A       100%        6
 Ignition                 Fire           0%         3d3       100%        8
 Call Canine Familiar     Summ           Unusable   N/A       N/A         3
 Animate Armour           Summ/Erth      Unusable   N/A       N/A         4
 Animate Dead             Necr           Unusable   N/A       N/A         4
 Summon Lightning Spire   Summ/Air       Unusable   N/A       N/A         4
 Death Channel            Necr           Unusable   N/A       N/A         6
 Summon Cactus Giant      Summ           Unusable   N/A       N/A         6

Dungeon Overview and Level Annotations

Branches:
Dungeon (15/15)            Temple (1/1) D:6            Lair (6/6) D:8
  Swamp (4/4) Lair:3       Spider (4/4) Lair:3        Slime (0/5) Lair:5
    Orc (2/2) D:12            Elf (0/3) Orc:2        Vaults (0/5) D:14
 Depths (1/4) D:15          Sewer (visited)           IceCv (visited)
Volcano (visited)

Altars:
Ashenzari
Cheibriados
Dithmenos
Elyvilon
Fedhas
Gozag
Hepliaklqana
Kikubaaqudgha
Makhleb
Nemelex Xobeh
Okawaru
Qazlal
Ru
Sif Muna
Trog
Uskayaw
Vehumet
Wu Jian
Xom
Zin
The Shining One
Beogh
Jiyva

Shops:
D:13 *   Orc:2 ([!*!

Annotations:
Lair:5 1 runed translucent door
Swamp:2 2 transporters, tensugalgo's ghost, adept OgNe


Innate Abilities, Weirdness & Mutations

You are a tree.
Your roots penetrate the ground, keeping you stationary.
You cannot be teleported.
You are immune to unholy pain and torment.
Your maximum health is greatly increased.
Your equipment is partially melded.
((You have a pair of horns on your head.))
((You reflexively headbutt those who attack you in melee.))
You are agile. (Dex +2)
You possess an exceptional clarity of mind.


Message History

Unknown command.
Really quaff the potion of lignification?
You turn into a tree.
The +0 hat of Twilight {rElec rPois rF+ rC-} melds into your body.
Your +2 pair of gloves melds into your body.
The +5 pair of boots "Keipy" {rElec} melds into your body.
The +6 scale mail "Pesothoe" {Str+2 Dex+5} melds into your body.
Your roots penetrate the ground.
The bunyip howls a warning cry!
The swamp dragon breathes poison at you.
The blast of poison engulfs you but does no damage.
You are poisoned.
You resist.
The bunyip claws you but does no damage. x2
The bunyip claws you!!!
* * * LOW HITPOINT WARNING * * *
Unknown command.
You feel better. The shambling mangrove hits you.
* * * LOW HITPOINT WARNING * * *
The grasping roots constrict you.
Unknown command.
You slash the shambling mangrove!
The shambling mangrove is moderately damaged.
You slash the bunyip! The shambling mangrove hits you!
* * * LOW HITPOINT WARNING * * *
The grasping roots constrict you!
* * * LOW HITPOINT WARNING * * *
Unknown command.
You barely miss the shambling mangrove.
The shambling mangrove is moderately damaged.
You barely miss the swamp dragon. You hit the bunyip.
The swamp dragon bites you but does no damage.
The swamp dragon claws you but does no damage.
The swamp dragon tramples you but does no damage.
Unknown command.
You hit the shambling mangrove.
The shambling mangrove is moderately damaged.
You slash the swamp dragon! You hit the bunyip.
The shambling mangrove hits you!!
You die...

≈.#♣ .≈..≈≈..≈.≈ ≈♣#
≈....≈...≈ ##
≈≈......≈^ #
♣≈.♣≈[≈≈.. ..
♣≈...≈.... ♣.
#♣≈..≈....≈ ##♣
#♣○°.≈...... .♣
##°f°.♣ .≈ .#
#♣≈°♣x.♣ ≈.
..##.≈D°°♣♣ ≈
.≈..♣....○≈≈≈§♣
≈≈.≈.≈♣.....)♣♣
≈.≈≈♣♣..§≈.≈≈♣♣ .≈
..♣.≈≈..≈....♣♣ ♣.§
♣≈≈≈≈..≈.≈§≈.♣ ♣ ♣..
♣≈≈≈≈§...≈≈≈♣♣
♣♣♣..♣♣♣♣.≈≈....≈..≈♣


You could see a shambling mangrove, a bunyip (strong) and a swamp dragon
(strong).

Vanquished Creatures
  Nikola (Swamp:4)
  Arachne (Spider:3)
  Jorgrun (Orc:2)
  A thorn hunter (Swamp:4)
  Gastronok (Orc:1)
  Roxanne (D:15)
  A fenstrider witch (Swamp:4)
  An orc warlord (Orc:2)
  5 ghost moths
  3 emperor scorpions (Spider:4)
  A stone giant (Depths:1)
  A ghoul (Swamp:2)
  An eleionoma (Swamp:3)
  A red draconian (Volcano)
  3 bunyips
  An ettin (Depths:1)
  Harold (Lair:1)
  27 hydras
  A ghost crab (Swamp:4)
  An ice dragon (D:13)
  A death knight (D:15)
  A boulder beetle (Spider:2)
  5 centaur warriors
  A rakshasa (D:13)
  2 catoblepae
  9 two-headed ogres
  10 alligators
  A vampire mage (D:15)
  12 death yaks
  A deep troll shaman (Lair:6)
  An orc high priest (Orc:2)
  A tengu warrior (D:15)
  A golden dragon zombie (D:15)
  An iron troll (D:14)
  A skeletal warrior (D:15)
  A goliath frog (Swamp:1)
  6 spriggan druids
  A lindwurm (Lair:6)
  9 swamp dragons
  Pikel (D:8)
  7 bog bodies
  A necromancer (D:15)
  A wizard (D:14)
  3 orc knights (Orc:2)
  29 wolf spiders
  18 orb spiders
  A deep elf pyromancer (D:14)
  4 orc sorcerers (Orc:2)
  5 will-o-the-wisps
  A fire giant zombie (D:15)
  2 manticores
  21 ugly things
  6 cyclopes
  A moth of wrath (Spider:3)
  Maurice (D:8)
  23 elephants
  An ice statue (Lair:3)
  4 black mambas
  5 torpor snails
  8 cane toads
  A rime drake (Lair:4)
  An anaconda simulacrum (IceCv)
  6 freezing wraiths
  7 komodo dragons
  A yaktaur (Volcano)
  A spriggan zombie (D:15)
  An efreet (D:15)
  2 entropy weaver simulacra (IceCv)
  12 ice devils
  9 demonic crawlers
  A guardian mummy (D:15)
  A tengu conjurer (D:15)
  13 hornets
  5 trolls
  12 polar bears
  A meliai (Spider:3)
  23 jumping spiders
  9 tyrant leeches
  7 dream sheep (Lair:5)
  17 blink frogs
  3 slime creatures (D:14)
  53 redbacks
  9 spriggans
  2 wraiths
  25 tarantellas
  28 yaks
  A vampire (D:14)
  4 wyverns
  4 basilisks
  A golden eye (shapeshifter) (D:14)
  13 vampire mosquitoes
  A steam dragon (D:7)
  Menkaure (D:5)
  4 death yak simulacra (IceCv)
  5 harpy simulacra
  3 wargs
  19 swamp worms
  18 water moccasins
  2 acid dragons
  Duvessa (D:6)
  A human skeleton (D:15)
  6 swamp drakes
  5 black bears
  28 orc warriors
  7 ice beasts
  A sky beast (D:5)
  2 necrophages (Swamp:2)
  7 ogres
  13 wolves
  14 centaurs
  A phantom (D:5)
  3 kobold brigands
  Blork the orc (D:4)
  11 bullfrogs
  2 scorpions
  3 cane toad simulacra (IceCv)
  A water moccasin zombie (D:7)
  A wyvern skeleton (D:7)
  Dowan (D:6)
  2 elephant simulacra (IceCv)
  3 wights (D:8)
  6 howler monkeys
  7 electric eels
  A bullfrog zombie (D:5)
  4 crimson imps (D:6)
  5 centaur zombies
  3 hounds
  2 jellies (D:6)
  20 orc priests
  A bullfrog skeleton (D:4)
  A centaur skeleton (D:6)
  19 orc wizards
  4 iguanas
  2 spriggan simulacra (IceCv)
  2 polar bear simulacra (IceCv)
  4 wolf simulacra (IceCv)
  A troll simulacrum (IceCv)
  A hound skeleton (D:5)
  A gnoll (D:1)
  2 naga simulacra (IceCv)
  7 adders
  A river rat (Sewer)
  2 shadow imps
  2 white imps
  An ufetubus (D:4)
  An adder zombie (D:5)
  2 worms
  A dart slug (D:1)
  84 orcs
  9 ball pythons
  7 endoplasms
  3 giant cockroaches
  10 goblins
  9 hobgoblins
  10 jackals
  19 kobolds
  3 quokkas
  2 bats
  2 frilled lizards (D:3)
  9 rats
972 creatures vanquished.

Vanquished Creatures (others)
  A bloated husk (Swamp:4)
  2 meliai (Spider:4)
  A redback (Spider:4)
  2 orc wizards
  3 orcs
  14 foxfires
  31 fungi
  35 plants
  11 withered plants (D:15)
100 creatures vanquished.

Grand Total: 1072 creatures vanquished

Notes
Turn   | Place    | Note
-------+----------+-------------------------------------------
     0 | D:1      | Htamos the Minotaur Gladiator began the quest for the Orb.
     0 | D:1      | Reached XP level 1. HP: 18/18 MP: 0/0
    52 | D:1      | Reached XP level 2. HP: 5/25 MP: 1/1
   504 | D:1      | Found a faded altar of an unknown god.
   516 | D:1      | Reached skill level 1 in Armour
   765 | D:1      | Reached XP level 3. HP: 31/31 MP: 2/2
  1518 | D:2      | Reached XP level 4. HP: 40/40 MP: 3/3
  2906 | D:4      | Reached skill level 5 in Axes
  3067 | D:4      | Found a glowing drain.
  3076 | Sewer    | Entered a sewer
  3168 | Sewer    | Noticed a kobold brigand
  3175 | Sewer    | Reached XP level 5. HP: 47/47 MP: 4/4
  3387 | Sewer    | Found a white marble altar of Elyvilon.
  3525 | D:4      | Noticed a black bear
  3535 | D:4      | Gained mutation: You are frail. (-10% HP) [potion of
                  | mutation]
  3535 | D:4      | Gained mutation: You have a pair of large horns on your
                  | head. [potion of mutation]
  3535 | D:4      | Gained mutation: Your mind is acute. (Int +2) [potion of
                  | mutation]
  3541 | D:4      | Killed a black bear
  3542 | D:4      | Reached skill level 5 in Fighting
  3542 | D:4      | Reached XP level 6. HP: 47/50 MP: 5/5
  3759 | D:4      | Lost mutation: You are frail. (-10% HP) [potion of
                  | mutation]
  3759 | D:4      | Lost mutation: You have a pair of large horns on your head.
                  | [potion of mutation]
  3759 | D:4      | Lost mutation: Your mind is acute. (Int +2) [potion of
                  | mutation]
  3759 | D:4      | Gained mutation: You are agile. (Dex +2) [potion of
                  | mutation]
  3759 | D:4      | Gained mutation: You tend to lose your temper in combat.
                  | [potion of mutation]
  3759 | D:4      | Gained mutation: You are very agile. (Dex +4) [potion of
                  | mutation]
  3977 | D:4      | Noticed Blork the orc
  3997 | D:4      | Killed Blork the orc
  3998 | D:4      | Reached XP level 7. HP: 5/63 MP: 6/6
  4377 | D:4      | Found an ornate altar of the Wu Jian Council.
  4799 | D:5      | Entered Level 5 of the Dungeon
  5344 | D:5      | Lost mutation: You are very agile. (Dex +4) [potion of
                  | mutation]
  5344 | D:5      | Lost mutation: You tend to lose your temper in combat.
                  | [potion of mutation]
  5344 | D:5      | Gained mutation: Your mind is acute. (Int +2) [potion of
                  | mutation]
  5344 | D:5      | Gained mutation: Your mind is very acute. (Int +4) [potion
                  | of mutation]
  5442 | D:5      | Noticed Menkaure
  5454 | D:5      | Killed Menkaure
  5455 | D:5      | Reached XP level 8. HP: 61/73 MP: 7/7
  6037 | D:6      | Reached skill level 5 in Armour
  6577 | D:6      | Found a staircase to the Ecumenical Temple.
  6667 | Temple   | Entered the Ecumenical Temple
  6753 | Temple   | Became a worshipper of Warmaster Okawaru
  6869 | D:6      | Found a shimmering altar of Xom.
  7712 | D:6      | Reached XP level 9. HP: 40/84 MP: 8/8
  7903 | D:6      | Reached * piety under Okawaru
  7964 | D:7      | Reached skill level 10 in Axes
  8043 | D:7      | Noticed Duvessa
  8045 | D:7      | Noticed Dowan
  8069 | D:6      | Killed Duvessa
  8086 | D:6      | Killed Dowan
  8166 | D:6      | Reached skill level 10 in Fighting
  8440 | D:7      | Identified the +9 battleaxe "Piuts" {vorpal, rCorr Int+2}
  8448 | D:7      | Identified the +6 scale mail "Pesothoe" {Str+2 Dex+5}
  8541 | D:7      | Found a transporter.
  8556 | D:7      | Found a transporter.
  9308 | D:8      | Found a staircase to the Lair.
  9366 | D:8      | Reached ** piety under Okawaru
  9551 | D:8      | Noticed Pikel
  9557 | D:8      | Killed Pikel
  9621 | D:8      | Identified the +1 ring mail "Nuruluomn" {rPois Str+3
                  | Slay+2}
  9745 | D:8      | Noticed a two-headed ogre
  9815 | D:8      | Killed a two-headed ogre
  9815 | D:8      | Reached *** piety under Okawaru
  9816 | D:8      | Reached XP level 10. HP: 40/96 MP: 9/9
 10098 | D:8      | Noticed Maurice
 10104 | D:8      | Killed Maurice
 10389 | D:9      | Noticed a two-headed ogre
 10398 | D:9      | Killed a two-headed ogre
 10475 | D:9      | Noticed a two-headed ogre
 10479 | D:9      | Killed a two-headed ogre
 10479 | D:9      | Reached **** piety under Okawaru
 11159 | D:10     | Entered Level 10 of the Dungeon
 11330 | D:10     | Found a glowing golden altar of the Shining One.
 11330 | D:10     | Found an opulent altar of Gozag.
 11340 | D:10     | Reached ***** piety under Okawaru
 11340 | D:10     | Received a gift from Okawaru
 11429 | D:10     | Reached XP level 11. HP: 107/107 MP: 10/10
 11523 | D:10     | Found a blossoming altar of Fedhas.
 11721 | D:10     | Identified the +7 long sword of Sesocue {vamp, rN++ Str-3
                  | Int+3}
 11772 | D:11     | Noticed a two-headed ogre
 11779 | D:11     | Killed a two-headed ogre
 11795 | D:11     | Noticed a centaur warrior
 11805 | D:11     | Killed a centaur warrior
 12794 | Lair:1   | Entered Level 1 of the Lair of Beasts
 12816 | Lair:1   | Reached skill level 10 in Armour
 12857 | Lair:1   | Reached ****** piety under Okawaru
 13013 | Lair:1   | Noticed Harold
 13020 | Lair:1   | Killed Harold
 13231 | Lair:1   | Noticed a five-headed hydra
 13241 | Lair:1   | Killed a two-headed hydra
 13242 | Lair:1   | Reached skill level 15 in Axes
 13296 | Lair:1   | Noticed a four-headed hydra
 13302 | Lair:1   | Killed a one-headed hydra
 13302 | Lair:1   | Received a gift from Okawaru
 13303 | Lair:1   | Reached XP level 12. HP: 118/118 MP: 11/11
 13433 | Lair:1   | Reached skill level 15 in Fighting
 14298 | Lair:2   | Noticed an eight-headed hydra
 14310 | Lair:2   | Killed a two-headed hydra
 15246 | Lair:3   | Found a hazy altar of Hepliaklqana.
 15310 | Lair:3   | Noticed a death yak
 15311 | Lair:3   | Noticed a death yak
 15326 | Lair:3   | Noticed a death yak
 15330 | Lair:3   | Killed a death yak
 15330 | Lair:3   | Noticed a death yak
 15349 | Lair:3   | Noticed a death yak
 15358 | Lair:2   | Killed a death yak
 15801 | Lair:2   | Killed a death yak
 16182 | Lair:3   | Noticed a six-headed hydra
 16218 | Lair:2   | Killed a two-headed hydra
 16469 | Lair:2   | Killed a death yak
 16469 | Lair:2   | Received a gift from Okawaru
 16598 | Lair:3   | Killed a death yak
 16644 | Lair:3   | Identified the +5 dire flail "Qomiovo" {freeze, rCorr}
                  | (Okawaru gifted it to you on level 3 of the Lair of Beasts)
 16644 | Lair:3   | Received a gift from Okawaru
 16733 | Lair:3   | Noticed a six-headed hydra
 16750 | Lair:3   | Killed a two-headed hydra
 16751 | Lair:3   | Reached XP level 13. HP: 43/130 MP: 12/12
 17160 | Lair:3   | Found a hole to the Spider Nest.
 18096 | Lair:3   | Received a gift from Okawaru
 18184 | Lair:3   | Found a staircase to the Swamp.
 18362 | Lair:4   | Received a gift from Okawaru
 18612 | Lair:4   | Found a sparkling altar of Nemelex Xobeh.
 19279 | Lair:4   | Identified a scroll of acquirement
 19285 | Lair:4   | Acquired a +1 vorpal executioner's axe
 19888 | Lair:5   | Found a snail-covered altar of Cheibriados.
 20445 | Lair:5   | Received a gift from Okawaru
 20461 | Lair:5   | Found a runed translucent door.
 20463 | Lair:5   | Found a viscous altar of Jiyva.
 20465 | Lair:5   | Noticed an azure jelly
 20466 | Lair:5   | Found a staircase to the Slime Pits.
 20495 | Lair:5   | Reached XP level 14. HP: 144/144 MP: 13/13
 20747 | Lair:6   | Entered Level 6 of the Lair of Beasts
 20761 | Lair:6   | Identified the +5 pair of boots "Keipy" {rElec} (Okawaru
                  | gifted it to you on level 6 of the Lair of Beasts)
 20761 | Lair:6   | Received a gift from Okawaru
 22258 | D:12     | Received a gift from Okawaru
 22518 | D:12     | Found a staircase to the Orcish Mines.
 22914 | Orc:1    | Entered Level 1 of the Orcish Mines
 23082 | Orc:1    | Noticed Gastronok
 23090 | Orc:1    | Killed Gastronok
 23136 | Orc:2    | Entered Level 2 of the Orcish Mines
 23154 | Orc:2    | Noticed Jorgrun
 23172 | Orc:2    | Killed Jorgrun
 23172 | Orc:2    | Received a gift from Okawaru
 23219 | Orc:2    | Found a dark tunnel.
 23249 | Volcano  | Entered a volcano
 23359 | Volcano  | Found a burning altar of Makhleb.
 23368 | Volcano  | Reached skill level 5 in Dodging
 23597 | Orc:2    | Found Ocazxis's Distillery.
 23607 | Orc:2    | Found a staircase to the Elven Halls.
 23689 | Orc:2    | Found Zuic's Assorted Antiques.
 23987 | Orc:2    | Noticed an orc warlord
 24005 | Orc:2    | Killed an orc warlord
 24009 | Orc:2    | Paralysed by an orc sorcerer for 4 turns
 24015 | Orc:2    | Reached XP level 15. HP: 109/151 MP: 14/14
 24031 | Orc:2    | Found Usoekkah's Antique Weapon Shop.
 24036 | Orc:2    | Found Omibuutz's Antique Armour Boutique.
 24048 | Orc:2    | Bought a jewelled chain mail for 313 gold pieces
 24048 | Orc:2    | Identified the +0 chain mail of Indemnity {Fly Will+ Dex-4}
                  | (You bought it in a shop on level 2 of the Orcish Mines)
 24368 | Orc:2    | Found Vygouloc's Distillery.
 24437 | Orc:2    | Bought a potion of might for 48 gold pieces
 24437 | Orc:2    | Bought a potion of mutation for 96 gold pieces
 24437 | Orc:2    | Bought a potion of heal wounds for 60 gold pieces
 24437 | Orc:2    | Bought a potion of heal wounds for 60 gold pieces
 24580 | Orc:2    | Bought a potion of heal wounds for 85 gold pieces
 24580 | Orc:2    | Bought a potion of heal wounds for 85 gold pieces
 24580 | Orc:2    | Bought a potion of mutation for 136 gold pieces
 24797 | Orc:1    | Found a bloodstained altar of Trog.
 24928 | Orc:2    | Bought 2 scrolls of brand weapon for 1320 gold pieces
 24934 | Orc:2    | Acquired 1097 gold pieces
 24938 | Orc:2    | Bought a smelly scale mail for 297 gold pieces
 24938 | Orc:2    | Identified the +0 scale mail of Onkima {Will+} (You bought
                  | it in a shop on level 2 of the Orcish Mines)
 24938 | Orc:2    | Bought a crude glass ring for 165 gold pieces
 24938 | Orc:2    | Identified the ring "Seirogit" {rElec rCorr MP+9 Str+5
                  | Dex-4} (You bought it in a shop on level 2 of the Orcish
                  | Mines)
 25146 | D:13     | Found a frozen archway.
 25187 | IceCv    | Entered an ice cave
 25382 | IceCv    | Received a gift from Okawaru
 25424 | IceCv    | Found an ancient bone altar of Kikubaaqudgha.
 25723 | D:13     | Found Oczeggiu's General Store.
 25726 | D:13     | Bought a scroll of acquirement for 832 gold pieces
 25729 | D:13     | Acquired the amulet of Grace {Faith rF- Str+3 Int-5 Dex+9}
 26165 | D:13     | You fall into a shaft and drop 2 floors!
 26165 | D:15     | Entered Level 15 of the Dungeon
 27357 | D:14     | Identified the +6 battleaxe "Taig" {vorpal, Will+} (Okawaru
                  | gifted it to you on level 14 of the Dungeon)
 27357 | D:14     | Received a gift from Okawaru
 27723 | D:14     | Found a gate to the Vaults.
 28086 | D:14     | Reached skill level 15 in Armour
 28543 | D:15     | Found a staircase to the Depths.
 28607 | D:15     | Noticed Roxanne
 28621 | D:15     | Killed Roxanne
 29023 | D:15     | Received a gift from Okawaru
 29053 | D:15     | Identified the +5 flail of the Open Hand {vorpal, Dex+4}
 29278 | D:15     | Reached skill level 1 in Evocations
 29547 | D:15     | Found an iron altar of Okawaru.
 29827 | Depths:1 | Entered Level 1 of the Depths
 29874 | Depths:1 | Reached XP level 16. HP: 110/167 MP: 15/15
 30335 | Spider:1 | Entered Level 1 of the Spider Nest
 30547 | Spider:1 | Identified the +7 crystal plate armour "Nedesumn" {Fly
                  | Str+3 Int-4 Dex+3} (Okawaru gifted it to you on level 1 of
                  | the Spider Nest)
 30547 | Spider:1 | Received a gift from Okawaru
 31404 | Spider:2 | Identified the +9 trident of Satyriasis {vorpal, Fly Will+
                  | Str+6 Int-3}
 32558 | Spider:3 | Noticed Arachne
 32571 | Spider:3 | Killed Arachne
 32796 | Spider:3 | Identified the +5 kite shield of Okawaru's Wrath {rElec
                  | rCorr Stlth+} (Okawaru gifted it to you on level 3 of the
                  | Spider Nest)
 32796 | Spider:3 | Received a gift from Okawaru
 33425 | Spider:4 | Entered Level 4 of the Spider Nest
 34284 | Spider:3 | Received a gift from Okawaru
 35267 | Spider:4 | Reached XP level 17. HP: 106/176 MP: 0/16
 35284 | Spider:4 | Received a gift from Okawaru
 35476 | Spider:4 | Identified the +2 ring mail of Tempters {rCorr Dex+4}
                  | (Okawaru gifted it to you on level 4 of the Spider Nest)
 35476 | Spider:4 | Received a gift from Okawaru
 35660 | Spider:4 | Got a gossamer rune of Zot
 35998 | Swamp:1  | Entered Level 1 of the Swamp
 37143 | Swamp:1  | Acquired 847 gold pieces
 37147 | Swamp:1  | Acquired the +0 hat of Twilight {rElec rPois rF+ rC-}
 37164 | Swamp:1  | Acquired a manual of Fighting
 37317 | Swamp:2  | Found a transporter.
 37319 | Swamp:2  | Noticed tensugalgo's ghost (adept OgNe)
 37323 | Swamp:2  | Found a transporter.
 37521 | Swamp:2  | Reached skill level 5 in Evocations
 38504 | Swamp:3  | Lost mutation: You are agile. (Dex +2) [potion of mutation]
 38504 | Swamp:3  | Gained mutation: You have a pair of large horns on your
                  | head. [potion of mutation]
 38504 | Swamp:3  | Gained mutation: You have an increased reservoir of magic.
                  | (+10% MP) [potion of mutation]
 38505 | Swamp:3  | Lost mutation: Your mind is very acute. (Int +4) [potion of
                  | mutation]
 38505 | Swamp:3  | Lost intelligence.
 38505 | Swamp:3  | Lost mutation: Your mind is acute. (Int +2) [potion of
                  | mutation]
 38505 | Swamp:3  | Gained mutation: Your system is resistant to poisons.
                  | (rPois) [potion of mutation]
 38508 | Swamp:3  | Lost mutation: Your system is resistant to poisons. (rPois)
                  | [potion of mutation]
 38508 | Swamp:3  | Lost mutation: You have an increased reservoir of magic.
                  | (+10% MP) [potion of mutation]
 38508 | Swamp:3  | Gained mutation: You have hidden genetic defects. [potion
                  | of mutation]
 38509 | Swamp:3  | Lost mutation: You have a pair of large horns on your head.
                  | [potion of mutation]
 38509 | Swamp:3  | Gained mutation: Armour fits poorly on your strangely
                  | shaped body. [potion of mutation]
 38510 | Swamp:3  | Lost mutation: Armour fits poorly on your strangely shaped
                  | body. [potion of mutation]
 38510 | Swamp:3  | Lost mutation: You have hidden genetic defects. [potion of
                  | mutation]
 38510 | Swamp:3  | Gained mutation: You have large cloven feet. [potion of
                  | mutation]
 38510 | Swamp:3  | Gained mutation: You are occasionally teleported next to
                  | monsters. [potion of mutation]
 38510 | Swamp:3  | Gained mutation: You expend magic power (3 MP) to
                  | strengthen your wands. [potion of mutation]
 38511 | Swamp:3  | Lost mutation: You expend magic power (3 MP) to strengthen
                  | your wands. [potion of mutation]
 38511 | Swamp:3  | Lost mutation: You have large cloven feet. [potion of
                  | mutation]
 38511 | Swamp:3  | Lost mutation: You are occasionally teleported next to
                  | monsters. [potion of mutation]
 38511 | Swamp:3  | Gained mutation: You possess an exceptional clarity of
                  | mind. [potion of mutation]
 38511 | Swamp:3  | Gained mutation: You are agile. (Dex +2) [potion of
                  | mutation]
 38531 | Swamp:4  | Entered Level 4 of the Swamp
 38547 | Swamp:4  | Noticed Nikola
 38554 | Swamp:4  | Received a gift from Okawaru
 38563 | Swamp:4  | Killed Nikola
 39144 | Swamp:4  | Reached skill level 10 in Dodging
 40185 | Swamp:4  | Identified the +8 mace "Ivin" {pain, Fly Str-5 Dex+8}
 40213 | Swamp:4  | Mangled by a shambling mangrove

Illustrated notes

Levels and vault maps discovered:
D:1:      psy_arrival_radial01, layout_basic, ebering_ecumenical_altar_box
D:2:      layout_loops_cross, dk_noncrumbling_3, minmay_tetromino_o4
D:3:      layout_rooms, minmay_splitting_lines
D:4:      minmay_door_path, layout_basic, kennysheep_mini,
          cheibrodos_sewer_entry_sluice, uniq_blork_the_orc
D:5:      layout_gridville, minmay_between, uniq_menkaure
D:6:      layout_basic, led_xom_imps, lemuel_temple_firewalk_b
D:7:      gammafunk_steamed_eel, layout_cave_pools, feat_on_display,
          uniq_duvessa
D:8:      layout_basic, lair_entry_dummy, kennysheep_generic_room_14,
          uniq_pikel, uniq_maurice
D:9:      layout_stronghold, david_defended_altar_orc
D:10:     layout_cave_pools, nicolae_overflow_hidden_temple,
          amcnicky_altar_gilded
D:11:     layout_rooms
D:12:     layout_gridville, erik_orc_1
D:13:     layout_irregular_city, serial_shops, nicolae_shop_behind_doors,
          portal_ice_cave_entry_animals_and_master
D:14:     layout_layer_cave, david_vaults_4, serial_park_paths
          [serial_park_minivault_5x5_6], kennysheep_nondescript
D:15:     gammafunk_depths_entry_grave, layout_loops_cross, serial_aquarium,
          aquarium_bridge_square [aquarium_subvault_bridge,
          aquarium_subvault_bridge, aquarium_subvault_window,
          aquarium_subvault_bridge], aquarium_window_fake, aquarium_window_1,
          aquarium_window_2, aquarium_window_fake, aquarium_view_2g,
          minivault_24, okawaru_altar_gauntlet_db, uniq_roxanne
Temple:   eino_temple_rhombus
Lair:1:   layout_gridlike, uniq_harold
Lair:2:   layout_layer_cave, beast_lair_carwin_2
Lair:3:   layout_chaotic_city, palyth_hydra_swamp_entry, spider_nest_entry_a,
          basic_altar, ice2_lemuel
Lair:4:   layout_cave_pods, gauntlet_entry_generic, basic_altar,
          grunt_megastairs_3
Lair:5:   layout_cave_pods, slime_altar_2, kennysheep_snail_temple,
          grunt_megastairs_4
Lair:6:   grunt_lair_end_beastmaster, layout_cave_pods, serial_bayou_shore_a,
          lemuel_fruit_fields
Swamp:1:  layout_basic_swamp, serial_swamp_ruin, evilmike_swamp_ruin_house_5,
          evilmike_swamp_ruin_house_4
Swamp:2:  layout_basic_swamp, gammafunk_ghost_mausoleum,
          hangedman_swamp_ruin_wall
Swamp:3:  layout_basic_swamp, infiniplex_staircase_pool
Swamp:4:  swamp_alternative, layout_basic_swamp, uniq_nikola
Spider:1: layout_spider_delve
Spider:2: layout_spider_delve, nicolae_spider_cling_halls
Spider:3: layout_spider_delve, uniq_arachne
Spider:4: grunt_spider_rune_parallel
Orc:1:    layout_diamond_mine, basic_altar, uniq_gastronok
Orc:2:    grunt_orc_community_town_hall, layout_diamond_mine,
          grunt_orc_community_big_house_1, grunt_orc_community_big_house_2,
          grunt_orc_community_house_3, grunt_orc_community_house_3,
          grunt_orc_community_house_1, grunt_orc_community_house_2,
          grunt_orc_community_house_2, grunt_orc_community_house_1,
          nicolae_volcano_entry_s_turn, basic_altar, serial_shops, shop,
          uniq_jorgrun
Depths:1: layout_long_grid, corexii_hall_statues_u, hell_entry, abyss_entry,
          minmay_orc_keep, roderic_lattice_octagonal_star

Skill      XL: |  1  2  3  4  5  6  7  8  9 10 11 12 13 14 15 16 17 |
---------------+----------------------------------------------------+-----
Axes           | 4 5 6 7 9 11 13 15 16 18 20 21 22 23 | 23.2
Fighting       | 3 4 5 6 7 9 11 13 14 16 18 19 21 22 23 | 23.8
Armour         | 1 2 3 4 6 7 9 10 11 13 14 15 16 | 16.8
Dodging        | 5 7 9 10 | 10.3
Evocations     | 1 4 5 |  5.9
Throwing       | |  2.0

Action                   |  1- 3 |  4- 6 |  7- 9 | 10-12 | 13-15 | 16-18 || total
-------------------------+-------+-------+-------+-------+-------+-------++-------
Melee: War axe           |    53 |    85 |       |    98 |    28 |       ||   264
       Headbutt          |     6 |    25 |    96 |   107 |   284 |   202 ||   720
       Whip              |       |    56 |   246 |       |       |       ||   302
       Short sword       |       |       |    89 |       |       |       ||    89
       Battleaxe         |       |       |     5 |   196 |   779 |   571 ||  1551
       Broad axe         |       |       |       |       |    15 |    40 ||    55
Invok: Heroism           |       |       |       |       |       |     1 ||     1
       Finesse           |       |       |       |       |       |     1 ||     1
Evoke: Wand              |       |       |     6 |    10 |     7 |       ||    23
  Use: Scroll            |       |     4 |     3 |     1 |    26 |     6 ||    40
       Potion            |       |     7 |     9 |     3 |    10 |    16 ||    45
 Stab: Paralysed         |       |       |       |     2 |       |       ||     2
       Petrified         |       |       |       |       |    12 |       ||    12
       Invisible         |       |       |       |       |    14 |       ||    14
       Confused          |       |       |       |       |     2 |       ||     2
       Petrifying        |       |       |       |       |     1 |       ||     1
       Sleeping          |       |       |       |       |       |     3 ||     3
Armor: Leather armour    |     4 |       |       |       |       |       ||     4
       Scale mail        |    19 |     6 |     3 |    99 |   300 |   136 ||   563
       Ring mail         |       |    44 |    64 |    27 |     6 |   223 ||   364
       Skin              |       |       |    36 |       |       |     6 ||    42
       Plate armour      |       |       |    25 |       |       |       ||    25
       Ice dragon scales |       |       |       |       |    30 |       ||    30
Dodge: Dodged            |    24 |    86 |   117 |   173 |   385 |   576 ||  1361
Block: Other             |       |       |    20 |    61 |    86 |       ||   167
       Buckler           |       |       |    72 |       |       |       ||    72
       Reflection        |       |       |     3 |     2 |     6 |       ||    11

Table legend: (Time is in decaauts)
 A = Elapsed time spent in this place.
 B = Non-inter-level travel time spent in this place.
 C = Inter-level travel time spent in this place.
 D = Time resting spent in this place.
 E = Time spent auto-exploring this place.
 F = Levels seen in this place.
 G = Mean time per level.
                   A        B        C        D        E       F      G
               +--------+--------+--------+--------+--------+-----+--------+
         Total |  40105 |  38120 |   1985 |   6070 |  25541 |  36 | 1114.0 |
       Dungeon |  17552 |  16586 |    966 |   1832 |  12343 |  15 | 1170.1 |
        Temple |    160 |    143 |     17 |      0 |    127 |   1 |  160.0 |
          Lair |   9349 |   8841 |    508 |   2092 |   5425 |   6 | 1558.2 |
         Swamp |   4346 |   4261 |     85 |    641 |   2800 |   4 | 1086.5 |
   Spider Nest |   5530 |   5360 |    170 |   1124 |   3343 |   4 | 1382.5 |
  Orcish Mines |   1896 |   1670 |    226 |     24 |   1247 |   2 |  948.0 |
        Depths |    263 |    253 |     10 |    151 |      0 |   1 |  263.0 |
         Sewer |    410 |    410 |      0 |     36 |    254 |   1 |  410.0 |
      Ice Cave |    383 |    383 |      0 |     80 |      0 |   1 |  383.0 |
       Volcano |    212 |    212 |      0 |     90 |      0 |   1 |  212.0 |
               +--------+--------+--------+--------+--------+-----+--------+

Top non-repeatable levels by time:
  Lair:2: 2851 daAuts
     D:6: 2131 daAuts
    D:14: 1851 daAuts
  Lair:3: 1837 daAuts
     D:4: 1755 daAuts
Spider:3: 1653 daAuts
Spider:4: 1571 daAuts
    D:15: 1500 daAuts
   Orc:2: 1463 daAuts
 Swamp:4: 1454 daAuts
  Lair:4: 1275 daAuts
Spider:2: 1261 daAuts
 Swamp:1: 1216 daAuts
     D:8: 1208 daAuts
  Lair:5: 1164 daAuts
